[ AOE2 MATCH · #475058059 ]
UnrankedDravidians vs Lithuanians
[ REPLAY ANALYSIS · EXTRACTED FROM THE RECORDED GAME ]
Feudal
13:31
Castle
18:30
Imperial
27:15
| APM avg | 59.0 |
| APM peak | 90 |
| eAPM avg | 26.2 |
| Villagers / military | 127 / 0 |
Focus
⚔️ 34.1% · 🌾 65.9%
Fishing Ship ×36 · Unknown (2626) ×31
Feudal
12:47
Castle
16:42
Imperial
—
| APM avg | 35.5 |
| APM peak | 90 |
| eAPM avg | 19.5 |
| Villagers / military | 125 / 26 |
Focus
⚔️ 32.8% · 🌾 67.2%
Knight ×17 · Unknown (2626) ×16 · Fishing Ship ×13 · Leitis ×7 · Monk ×2
Feudal
11:37
Castle
23:09
Imperial
—
| APM avg | 38.1 |
| APM peak | 61 |
| eAPM avg | 15.9 |
| Villagers / military | 83 / 26 |
Focus
⚔️ 25.2% · 🌾 74.8%
Scout Cavalry ×18 · Fishing Ship ×10 · Skirmisher ×7 · Monk ×1 · Unknown (2626) ×1
Feudal
11:50
Castle
—
Imperial
—
| APM avg | 23.3 |
| APM peak | 63 |
| eAPM avg | 11.1 |
| Villagers / military | 50 / 29 |
Focus
⚔️ 38.0% · 🌾 62.0%
Archer ×15 · Spearman ×9 · Fishing Ship ×8 · Unknown (2626) ×6 · Fire Galley ×4 · Militia ×1
Feudal
13:22
Castle
20:48
Imperial
—
| APM avg | 23.0 |
| APM peak | 58 |
| eAPM avg | 14.3 |
| Villagers / military | 40 / 5 |
Focus
⚔️ 28.3% · 🌾 71.7%
Fishing Ship ×6 · Mameluke ×5
Feudal
26:06
Castle
30:51
Imperial
—
| APM avg | 22.5 |
| APM peak | 51 |
| eAPM avg | 15.0 |
| Villagers / military | 95 / 0 |
Focus
⚔️ 11.8% · 🌾 88.2%
Fishing Ship ×36
Feudal
11:56
Castle
20:37
Imperial
—
| APM avg | 56.1 |
| APM peak | 155 |
| eAPM avg | 24.5 |
| Villagers / military | 60 / 10 |
Focus
⚔️ 43.2% · 🌾 56.8%
Unknown (2626) ×12 · Fishing Ship ×10 · Steppe Lancer ×7 · Demolition Raft ×2 · Fire Galley ×1
Feudal
14:04
Castle
18:05
Imperial
—
| APM avg | 27.8 |
| APM peak | 49 |
| eAPM avg | 18.6 |
| Villagers / military | 135 / 77 |
Focus
⚔️ 35.4% · 🌾 64.6%
Cavalry Archer ×65 · Fishing Ship ×21 · Battering Ram ×12 · Unknown (2626) ×11
Match map
Initial resources + every placement click. Lines = walls · curves = elevation contours. ◆ gold · ⬟ stone · ● berries · ✦ relic · ◌ wall gap
Your base· Open — 7t gap
VNS_TrieuTuLong's base· Open — unwalled flank
合川狗大高手's base· Open — 4t gap
Karabas's base· Open — unwalled flank
MarginCall's base· Open — 7t gap
啥牌子的's base· Open — 11t gap
Blaaaa's base· Open — 5t gap
_LY_Pala's base· Open — unwalled flank
Smoothed initial terrain · ◌ = detected wall gap · hover for details
Inputs per minute
— MING - - VNS_TrieuTuLong
Build order — MING
First 150 of 304 actions detected
| 0:17 | Build | Town Center |
| 0:24 | Build | Dock |
| 2:32 | Create | Villager (Male) |
| 2:32 | Create | Villager (Male) |
| 2:32 | Create | Villager (Male) |
| 2:32 | Create | Villager (Male) |
| 2:32 | Create | Villager (Male) |
| 2:33 | Create | Villager (Male) |
| 2:33 | Create | Villager (Male) |
| 3:19 | Create | Villager (Male) |
| 3:19 | Create | Villager (Male) |
| 3:19 | Create | Villager (Male) |
| 3:35 | Create | Fishing Ship |
| 4:22 | Build | House |
| 4:27 | Create | Villager (Male) |
| 4:27 | Create | Villager (Male) |
| 4:27 | Create | Villager (Male) |
| 4:27 | Create | Villager (Male) |
| 4:27 | Create | Villager (Male) |
| 4:27 | Create | Villager (Male) |
| 4:55 | Create | Villager (Male) |
| 4:55 | Create | Villager (Male) |
| 4:55 | Create | Villager (Male) |
| 4:55 | Create | Villager (Male) |
| 4:55 | Create | Villager (Male) |
| 4:55 | Create | Villager (Male) |
| 5:28 | Create | Villager (Male) |
| 5:28 | Create | Villager (Male) |
| 5:28 | Create | Villager (Male) |
| 5:30 | Create | Fishing Ship |
| 5:31 | Create | Fishing Ship |
| 5:43 | Create | Villager (Male) |
| 5:43 | Create | Villager (Male) |
| 5:51 | Build | House |
| 6:14 | Create | Villager (Male) |
| 6:14 | Create | Villager (Male) |
| 6:15 | Create | Villager (Male) |
| 6:32 | Build | House |
| 6:39 | Create | Villager (Male) |
| 6:39 | Create | Villager (Male) |
| 6:39 | Create | Villager (Male) |
| 6:46 | Create | Fishing Ship |
| 7:08 | Create | Villager (Male) |
| 7:08 | Create | Villager (Male) |
| 7:08 | Create | Villager (Male) |
| 7:24 | Build | House |
| 7:38 | Create | Fishing Ship |
| 7:39 | Create | Fishing Ship |
| 7:43 | Create | Villager (Male) |
| 7:54 | Build | House |
| 7:58 | Create | Villager (Male) |
| 8:22 | Create | Fishing Ship |
| 8:22 | Create | Fishing Ship |
| 8:49 | Research | Loom |
| 8:53 | Create | Villager (Male) |
| 8:53 | Create | Villager (Male) |
| 8:53 | Create | Villager (Male) |
| 8:54 | Create | Fishing Ship |
| 9:44 | Create | Fishing Ship |
| 9:51 | Build | Palisade Wall |
| 9:52 | Build | Palisade Wall |
| 9:53 | Build | Palisade Wall |
| 9:56 | Create | Villager (Male) |
| 9:56 | Create | Villager (Male) |
| 9:56 | Create | Villager (Male) |
| 10:09 | Create | Fishing Ship |
| 10:22 | Build | House |
| 10:27 | Create | Villager (Male) |
| 10:27 | Create | Villager (Male) |
| 10:27 | Create | Villager (Male) |
| 10:31 | Build | House |
| 10:34 | Create | Villager (Male) |
| 10:34 | Create | Villager (Male) |
| 10:34 | Create | Villager (Male) |
| 10:43 | Build | Mining Camp |
| 11:03 | Create | Villager (Male) |
| 11:19 | Build | House |
| 11:21 | Research | Feudal Age |
| 11:22 | Research | Feudal Age |
| 11:47 | Build | House |
| 11:57 | Create | Fishing Ship |
| 12:20 | Build | Dock |
| 12:28 | Build | House |
| 13:03 | Create | Villager (Male) |
| 13:23 | Create | Villager (Male) |
| 13:31 | Age | Feudal Age |
| 13:43 | Build | Mill |
| 13:49 | Build | Blacksmith |
| 13:53 | Build | House |
| 13:53 | Create | Villager (Male) |
| 14:22 | Build | House |
| 14:28 | Create | Unit 2626 |
| 14:34 | Create | Villager (Male) |
| 14:47 | Build | Market |
| 14:52 | Create | Villager (Male) |
| 15:00 | Create | Unit 2626 |
| 15:01 | Create | Unit 2626 |
| 15:10 | Create | Villager (Male) |
| 15:29 | Create | Unit 2626 |
| 15:50 | Research | Castle Age |
| 15:50 | Research | Castle Age |
| 15:51 | Research | Castle Age |
| 16:28 | Build | Dock |
| 16:30 | Build | House |
| 16:31 | Build | House |
| 16:54 | Build | Lumber Camp |
| 17:03 | Build | Palisade Wall |
| 17:03 | Build | Palisade Wall |
| 17:05 | Build | Palisade Wall |
| 17:19 | Research | Town Watch |
| 17:19 | Research | Town Watch |
| 17:20 | Create | Unit 2626 |
| 17:37 | Create | Unit 2626 |
| 18:04 | Create | Villager (Male) |
| 18:07 | Create | Unit 2626 |
| 18:30 | Age | Castle Age |
| 18:32 | Research | War Galley (upgrade) |
| 18:32 | Create | Unit 2626 |
| 18:42 | Create | Unit 2626 |
| 18:44 | Build | House |
| 18:51 | Create | Villager (Male) |
| 19:04 | Research | Double-Bit Axe |
| 19:05 | Research | Double-Bit Axe |
| 19:07 | Create | Unit 2626 |
| 19:28 | Create | Unit 2626 |
| 19:32 | Create | Villager (Male) |
| 19:42 | Create | Unit 2626 |
| 19:57 | Create | Unit 2626 |
| 20:04 | Create | Villager (Male) |
| 20:12 | Research | Bow Saw |
| 20:13 | Research | Bow Saw |
| 20:14 | Create | Villager (Male) |
| 20:38 | Create | Villager (Male) |
| 20:52 | Build | Town Center |
| 21:09 | Create | Villager (Male) |
| 21:11 | Create | Unit 2626 |
| 21:11 | Create | Unit 2626 |
| 21:32 | Build | Mining Camp |
| 21:48 | Create | Villager (Male) |
| 21:49 | Create | Villager (Male) |
| 22:08 | Build | University |
| 22:16 | Create | Villager (Male) |
| 22:16 | Create | Villager (Male) |
| 22:16 | Create | Villager (Male) |
| 22:18 | Create | Unit 2626 |
| 22:19 | Create | Unit 2626 |
| 22:19 | Create | Unit 2626 |
| 22:19 | Create | Unit 2626 |
| 22:45 | Create | Villager (Male) |
| 22:45 | Create | Villager (Male) |
Build order — VNS_TrieuTuLong
First 150 of 308 actions detected
| 0:21 | Build | Town Center |
| 0:31 | Build | Dock |
| 2:36 | Create | Villager (Male) |
| 2:37 | Create | Villager (Male) |
| 2:37 | Create | Villager (Male) |
| 2:38 | Create | Villager (Male) |
| 2:41 | Create | Villager (Male) |
| 2:51 | Create | Villager (Male) |
| 2:52 | Create | Villager (Male) |
| 3:08 | Create | Villager (Male) |
| 3:08 | Create | Villager (Male) |
| 3:12 | Create | Fishing Ship |
| 4:05 | Build | House |
| 4:36 | Create | Fishing Ship |
| 4:36 | Create | Fishing Ship |
| 4:40 | Create | Villager (Male) |
| 5:14 | Build | House |
| 5:19 | Create | Fishing Ship |
| 5:20 | Create | Fishing Ship |
| 5:25 | Build | House |
| 5:45 | Create | Villager (Male) |
| 6:04 | Create | Fishing Ship |
| 6:19 | Create | Villager (Male) |
| 6:20 | Create | Villager (Male) |
| 6:20 | Create | Villager (Male) |
| 6:41 | Create | Villager (Male) |
| 6:42 | Create | Villager (Male) |
| 6:42 | Create | Fishing Ship |
| 6:43 | Create | Fishing Ship |
| 7:09 | Build | House |
| 7:12 | Create | Villager (Male) |
| 7:13 | Create | Villager (Male) |
| 7:40 | Create | Fishing Ship |
| 7:41 | Create | Fishing Ship |
| 7:45 | Build | Palisade Wall |
| 7:55 | Create | Villager (Male) |
| 7:56 | Create | Villager (Male) |
| 7:56 | Create | Villager (Male) |
| 7:57 | Create | Villager (Male) |
| 7:57 | Create | Villager (Male) |
| 7:58 | Create | Villager (Male) |
| 8:01 | Create | Villager (Male) |
| 8:01 | Create | Villager (Male) |
| 8:02 | Create | Villager (Male) |
| 8:16 | Build | House |
| 8:29 | Create | Fishing Ship |
| 8:29 | Create | Fishing Ship |
| 8:30 | Create | Villager (Male) |
| 9:07 | Create | Villager (Male) |
| 9:20 | Create | Fishing Ship |
| 9:52 | Build | Lumber Camp |
| 10:37 | Research | Feudal Age |
| 10:37 | Research | Feudal Age |
| 10:52 | Build | Mill |
| 11:38 | Build | Dock |
| 12:22 | Build | House |
| 12:46 | Create | Villager (Male) |
| 12:47 | Age | Feudal Age |
| 12:47 | Create | Villager (Male) |
| 12:54 | Build | Market |
| 13:25 | Build | Blacksmith |
| 13:29 | Create | Villager (Male) |
| 13:32 | Research | Double-Bit Axe |
| 13:33 | Research | Double-Bit Axe |
| 14:01 | Research | Castle Age |
| 14:01 | Research | Castle Age |
| 14:09 | Create | Unit 2626 |
| 14:09 | Create | Unit 2626 |
| 14:10 | Create | Unit 2626 |
| 14:49 | Build | Lumber Camp |
| 15:09 | Build | Lumber Camp |
| 15:18 | Create | Unit 2626 |
| 15:18 | Create | Unit 2626 |
| 15:23 | Research | Horse Collar |
| 15:28 | Research | Tech 906 |
| 15:28 | Research | Tech 906 |
| 15:28 | Research | Tech 906 |
| 15:53 | Research | Loom |
| 15:53 | Research | Loom |
| 16:42 | Age | Castle Age |
| 16:45 | Research | War Galley (upgrade) |
| 16:45 | Research | War Galley (upgrade) |
| 17:09 | Build | Town Center |
| 17:09 | Create | Villager (Male) |
| 17:09 | Create | Villager (Male) |
| 17:09 | Create | Villager (Male) |
| 17:28 | Build | Monastery |
| 17:31 | Research | Bow Saw |
| 17:31 | Research | Bow Saw |
| 17:37 | Research | Town Watch |
| 17:37 | Research | Town Watch |
| 17:37 | Research | Town Watch |
| 18:07 | Create | Villager (Male) |
| 18:09 | Create | Villager (Male) |
| 18:19 | Build | Town Center |
| 18:22 | Create | Monk |
| 18:40 | Create | Villager (Male) |
| 18:40 | Create | Villager (Male) |
| 18:41 | Create | Villager (Male) |
| 18:41 | Create | Villager (Male) |
| 18:43 | Create | Villager (Male) |
| 18:49 | Create | Villager (Male) |
| 18:49 | Create | Villager (Male) |
| 18:49 | Create | Villager (Male) |
| 19:02 | Create | Unit 2626 |
| 19:03 | Create | Unit 2626 |
| 19:08 | Build | House |
| 19:09 | Build | House |
| 19:14 | Create | Monk |
| 19:32 | Create | Villager (Male) |
| 19:32 | Create | Villager (Male) |
| 19:32 | Create | Villager (Male) |
| 19:34 | Research | Heavy Plow |
| 19:34 | Research | Heavy Plow |
| 19:36 | Create | Villager (Male) |
| 19:45 | Create | Villager (Male) |
| 19:45 | Create | Villager (Male) |
| 19:46 | Create | Villager (Male) |
| 20:15 | Build | House |
| 20:16 | Build | House |
| 20:20 | Build | Dock |
| 20:23 | Create | Villager (Male) |
| 20:23 | Create | Villager (Male) |
| 20:24 | Create | Villager (Male) |
| 20:26 | Create | Unit 2626 |
| 20:26 | Create | Unit 2626 |
| 20:33 | Build | Farm |
| 20:33 | Build | Farm |
| 20:35 | Build | Farm |
| 20:36 | Build | Farm |
| 20:37 | Build | Farm |
| 20:42 | Build | Lumber Camp |
| 20:47 | Create | Villager (Male) |
| 20:48 | Create | Villager (Male) |
| 20:48 | Create | Villager (Male) |
| 20:59 | Create | Unit 2626 |
| 20:59 | Create | Unit 2626 |
| 21:08 | Build | Farm |
| 21:09 | Build | Farm |
| 21:13 | Build | Farm |
| 21:16 | Create | Villager (Male) |
| 21:16 | Create | Villager (Male) |
| 21:30 | Create | Villager (Male) |
| 21:31 | Create | Villager (Male) |
| 21:31 | Create | Villager (Male) |
| 21:31 | Create | Villager (Male) |
| 21:52 | Build | Mining Camp |
| 21:54 | Create | Villager (Male) |
| 21:55 | Create | Villager (Male) |
| 21:55 | Create | Villager (Male) |
Build order — 合川狗大高手
First 150 of 226 actions detected
| 0:26 | Build | Town Center |
| 1:14 | Build | Dock |
| 2:38 | Create | Villager (Male) |
| 2:39 | Create | Villager (Male) |
| 2:39 | Create | Villager (Male) |
| 2:39 | Create | Villager (Male) |
| 2:39 | Create | Villager (Male) |
| 2:40 | Create | Villager (Male) |
| 3:36 | Create | Fishing Ship |
| 3:49 | Create | Villager (Male) |
| 4:21 | Build | House |
| 4:32 | Build | House |
| 4:35 | Create | Fishing Ship |
| 4:37 | Research | Loom |
| 4:44 | Build | Palisade Wall |
| 5:11 | Create | Villager (Male) |
| 5:12 | Create | Villager (Male) |
| 5:26 | Create | Fishing Ship |
| 5:39 | Create | Villager (Male) |
| 5:39 | Create | Villager (Male) |
| 6:02 | Create | Villager (Male) |
| 6:12 | Build | House |
| 6:25 | Create | Villager (Male) |
| 6:31 | Create | Fishing Ship |
| 6:49 | Create | Villager (Male) |
| 7:07 | Build | House |
| 7:15 | Create | Villager (Male) |
| 7:28 | Create | Fishing Ship |
| 7:34 | Build | House |
| 7:39 | Create | Villager (Male) |
| 7:51 | Build | House |
| 8:03 | Create | Villager (Male) |
| 8:05 | Build | House |
| 8:21 | Build | Lumber Camp |
| 8:27 | Create | Villager (Male) |
| 8:48 | Create | Villager (Male) |
| 9:00 | Create | Fishing Ship |
| 9:27 | Research | Feudal Age |
| 9:38 | Create | Fishing Ship |
| 10:30 | Build | House |
| 10:57 | Build | Barracks |
| 11:15 | Create | Villager (Male) |
| 11:37 | Age | Feudal Age |
| 11:40 | Build | Stable |
| 11:42 | Research | Double-Bit Axe |
| 11:44 | Create | Villager (Male) |
| 12:07 | Build | House |
| 12:09 | Create | Villager (Male) |
| 12:10 | Build | Mill |
| 12:31 | Create | Scout Cavalry |
| 12:32 | Create | Scout Cavalry |
| 12:33 | Create | Villager (Male) |
| 12:45 | Build | Blacksmith |
| 12:53 | Create | Villager (Male) |
| 12:59 | Build | House |
| 13:03 | Research | Town Watch |
| 13:12 | Create | Unit 2626 |
| 13:19 | Create | Villager (Male) |
| 13:23 | Create | Scout Cavalry |
| 13:26 | Research | Horse Collar |
| 13:42 | Create | Villager (Male) |
| 13:52 | Build | House |
| 14:02 | Build | Farm |
| 14:12 | Build | Farm |
| 14:27 | Research | Scale Barding Armor |
| 14:28 | Create | Villager (Male) |
| 14:35 | Build | Farm |
| 14:45 | Build | Farm |
| 15:00 | Build | Farm |
| 15:03 | Create | Villager (Male) |
| 15:03 | Create | Villager (Male) |
| 15:29 | Build | Dock |
| 15:34 | Create | Scout Cavalry |
| 15:38 | Build | Farm |
| 15:53 | Build | Farm |
| 16:07 | Create | Villager (Male) |
| 16:21 | Build | Farm |
| 16:33 | Create | Villager (Male) |
| 16:36 | Create | Fishing Ship |
| 16:57 | Create | Scout Cavalry |
| 16:59 | Create | Villager (Male) |
| 17:11 | Research | Forging |
| 17:12 | Create | Villager (Male) |
| 17:13 | Create | Scout Cavalry |
| 17:19 | Create | Fishing Ship |
| 17:27 | Build | Mining Camp |
| 17:33 | Build | House |
| 17:33 | Build | House |
| 17:41 | Create | Villager (Male) |
| 17:47 | Create | Scout Cavalry |
| 18:15 | Create | Villager (Male) |
| 18:20 | Build | Farm |
| 18:26 | Research | Wheelbarrow |
| 18:28 | Create | Scout Cavalry |
| 18:34 | Build | Stable |
| 18:41 | Create | Fishing Ship |
| 18:42 | Research | Tech 906 |
| 19:32 | Build | House |
| 19:32 | Build | Palisade Wall |
| 19:57 | Create | Villager (Male) |
| 20:29 | Research | Castle Age |
| 20:34 | Build | Building 804 |
| 20:35 | Build | House |
| 20:37 | Build | Palisade Wall |
| 20:43 | Create | Scout Cavalry |
| 20:44 | Create | Scout Cavalry |
| 20:59 | Research | Gold Mining |
| 21:25 | Build | Archery Range |
| 21:54 | Build | Archery Range |
| 21:59 | Create | Villager (Male) |
| 22:22 | Build | Building 800 |
| 22:24 | Create | Skirmisher |
| 22:25 | Create | Skirmisher |
| 22:26 | Research | Fletching |
| 23:09 | Age | Castle Age |
| 23:13 | Create | Villager (Male) |
| 23:14 | Create | Skirmisher |
| 23:17 | Research | Light Cavalry (upgrade) |
| 23:19 | Research | Bodkin Arrow |
| 23:21 | Create | Villager (Male) |
| 23:26 | Create | Skirmisher |
| 23:26 | Create | Skirmisher |
| 23:37 | Research | Bow Saw |
| 23:37 | Research | Bow Saw |
| 23:38 | Research | Bow Saw |
| 23:42 | Create | Villager (Male) |
| 23:55 | Create | Skirmisher |
| 23:55 | Create | Skirmisher |
| 24:22 | Research | Bloodlines |
| 24:23 | Research | Husbandry |
| 24:23 | Create | Villager (Male) |
| 24:24 | Create | Villager (Male) |
| 24:30 | Build | Town Center |
| 25:04 | Create | Scout Cavalry |
| 25:04 | Create | Scout Cavalry |
| 25:19 | Create | Villager (Male) |
| 25:22 | Build | Monastery |
| 25:27 | Create | Villager (Male) |
| 25:30 | Research | Heavy Plow |
| 25:36 | Create | Villager (Male) |
| 25:36 | Create | Villager (Male) |
| 25:57 | Create | Scout Cavalry |
| 25:58 | Create | Scout Cavalry |
| 26:11 | Create | Villager (Male) |
| 26:11 | Create | Monk |
| 26:17 | Create | Villager (Male) |
| 26:18 | Create | Villager (Male) |
| 26:19 | Build | Farm |
| 26:35 | Create | Villager (Male) |
| 26:36 | Create | Scout Cavalry |
Build order — Karabas
113 actions detected in the replay
| 0:14 | Build | Town Center |
| 0:29 | Build | Dock |
| 0:30 | Build | House |
| 2:36 | Create | Villager (Male) ×4 |
| 3:35 | Create | Villager (Male) |
| 4:10 | Create | Fishing Ship |
| 4:40 | Create | Villager (Male) |
| 4:40 | Create | Villager (Male) |
| 5:13 | Create | Villager (Male) |
| 5:13 | Create | Villager (Male) |
| 5:17 | Create | Fishing Ship |
| 5:17 | Create | Fishing Ship |
| 5:35 | Create | Villager (Male) |
| 5:36 | Create | Villager (Male) |
| 5:54 | Build | House |
| 5:58 | Create | Villager (Male) |
| 5:58 | Create | Villager (Male) |
| 6:15 | Create | Fishing Ship |
| 6:15 | Create | Fishing Ship |
| 6:24 | Create | Villager (Male) |
| 6:25 | Create | Villager (Male) |
| 6:25 | Create | Villager (Male) |
| 6:44 | Create | Villager (Male) |
| 6:44 | Create | Villager (Male) |
| 7:08 | Create | Villager (Male) |
| 7:09 | Create | Villager (Male) |
| 7:28 | Build | House |
| 7:30 | Create | Fishing Ship |
| 7:48 | Create | Villager (Male) |
| 7:49 | Create | Villager (Male) |
| 7:49 | Create | Villager (Male) |
| 7:49 | Create | Villager (Male) |
| 8:04 | Create | Fishing Ship |
| 8:41 | Build | Lumber Camp |
| 8:57 | Create | Villager (Male) |
| 9:05 | Build | House |
| 9:40 | Research | Feudal Age |
| 9:55 | Build | Mining Camp |
| 10:47 | Build | House |
| 10:53 | Build | Dock |
| 10:59 | Create | Fishing Ship |
| 11:16 | Create | Villager (Male) |
| 11:16 | Create | Villager (Male) |
| 11:50 | Age | Feudal Age |
| 11:52 | Create | Fire Galley |
| 11:52 | Create | Unit 2626 |
| 11:54 | Research | Double-Bit Axe |
| 11:56 | Research | Gold Mining |
| 11:57 | Create | Villager (Male) |
| 12:02 | Build | Barracks |
| 12:06 | Create | Villager (Male) |
| 12:06 | Create | Villager (Male) |
| 12:16 | Create | Fire Galley |
| 12:16 | Create | Unit 2626 |
| 12:23 | Create | Unit 2626 |
| 13:06 | Create | Villager (Male) |
| 13:10 | Build | Archery Range |
| 13:19 | Create | Fire Galley |
| 13:19 | Create | Unit 2626 |
| 13:21 | Create | Unit 2626 |
| 13:21 | Create | Fire Galley |
| 13:22 | Create | Unit 2626 |
| 13:28 | Create | Villager (Male) |
| 13:35 | Create | Villager (Male) |
| 13:45 | Build | House |
| 13:45 | Build | House |
| 13:52 | Build | Mill |
| 14:04 | Create | Archer |
| 14:05 | Create | Archer |
| 14:05 | Create | Archer |
| 14:32 | Create | Spearman |
| 14:32 | Create | Spearman |
| 14:35 | Build | Palisade Wall |
| 14:37 | Build | House |
| 14:38 | Build | Palisade Wall |
| 14:43 | Create | Spearman |
| 14:44 | Create | Spearman |
| 14:45 | Create | Villager (Male) |
| 14:51 | Create | Spearman |
| 15:01 | Create | Spearman |
| 15:06 | Create | Archer |
| 15:06 | Create | Archer |
| 15:09 | Create | Villager (Male) |
| 15:30 | Build | Palisade Wall |
| 15:31 | Build | Palisade Wall |
| 15:57 | Create | Militia |
| 15:59 | Research | Loom |
| 16:20 | Create | Spearman |
| 16:50 | Create | Spearman |
| 16:50 | Create | Spearman |
| 16:54 | Create | Villager (Male) ×5 |
| 18:05 | Create | Villager (Male) |
| 18:37 | Create | Archer |
| 18:38 | Create | Archer |
| 19:16 | Create | Villager (Male) |
| 19:16 | Create | Villager (Male) |
| 20:09 | Create | Villager (Male) |
| 20:13 | Create | Villager (Male) |
| 20:13 | Create | Villager (Male) |
| 20:15 | Create | Villager (Male) |
| 20:16 | Create | Archer |
| 20:16 | Create | Archer |
| 20:28 | Create | Archer |
| 20:29 | Create | Archer |
| 21:01 | Create | Archer |
| 21:01 | Create | Archer |
| 21:18 | Create | Archer |
| 21:18 | Create | Archer |
| 21:52 | Build | Watch Tower |
| 21:59 | Create | Villager (Male) |
| 22:17 | Build | Blacksmith |
| 22:27 | Create | Villager (Male) |
| 22:28 | Create | Villager (Male) |
Build order — MarginCall
94 actions detected in the replay
| 0:05 | Build | Town Center |
| 0:34 | Build | Dock |
| 1:16 | Build | Palisade Wall |
| 2:25 | Create | Villager (Male) ×4 |
| 2:25 | Create | Villager (Male) ×4 |
| 3:13 | Create | Fishing Ship |
| 3:19 | Create | Villager (Male) |
| 4:20 | Build | House |
| 4:36 | Create | Villager (Male) |
| 5:01 | Create | Villager (Male) |
| 5:01 | Create | Villager (Male) |
| 5:03 | Create | Fishing Ship |
| 5:24 | Create | Villager (Male) |
| 5:24 | Create | Villager (Male) |
| 5:50 | Create | Villager (Male) |
| 5:50 | Create | Villager (Male) |
| 5:52 | Create | Fishing Ship |
| 6:00 | Build | House |
| 6:02 | Research | Loom |
| 6:31 | Create | Villager (Male) |
| 6:46 | Create | Fishing Ship |
| 6:47 | Create | Villager (Male) |
| 6:47 | Create | Villager (Male) |
| 7:11 | Create | Villager (Male) |
| 7:15 | Build | House |
| 7:28 | Create | Fishing Ship |
| 7:48 | Create | Villager (Male) |
| 8:03 | Create | Fishing Ship |
| 8:04 | Create | Villager (Male) |
| 8:13 | Create | Villager (Male) |
| 8:44 | Create | Villager (Male) |
| 9:14 | Build | House |
| 9:48 | Create | Villager (Male) |
| 10:02 | Build | Lumber Camp |
| 10:47 | Create | Villager (Male) |
| 10:59 | Research | Feudal Age |
| 13:10 | Create | Villager (Male) |
| 13:22 | Age | Feudal Age |
| 13:57 | Build | Town Center |
| 14:31 | Research | Double-Bit Axe |
| 14:43 | Build | Mill |
| 15:03 | Build | House |
| 15:04 | Create | Villager (Male) |
| 15:13 | Build | House |
| 15:16 | Build | House |
| 15:19 | Build | House |
| 15:22 | Build | House |
| 15:24 | Build | House |
| 15:32 | Build | Market |
| 15:48 | Build | House |
| 15:50 | Create | Villager (Male) |
| 15:57 | Build | Blacksmith |
| 15:58 | Create | Villager (Male) |
| 16:40 | Build | Mining Camp |
| 16:43 | Create | Villager (Male) |
| 17:12 | Create | Villager (Male) |
| 17:16 | Build | House |
| 17:17 | Build | Palisade Wall |
| 17:17 | Build | Palisade Wall |
| 17:18 | Build | Palisade Wall |
| 17:20 | Build | House |
| 17:25 | Build | Palisade Wall |
| 17:26 | Build | Palisade Wall |
| 17:27 | Build | Palisade Wall |
| 17:27 | Build | Palisade Wall |
| 17:43 | Create | Villager (Male) |
| 17:56 | Research | Castle Age |
| 18:18 | Research | Stone Mining |
| 18:57 | Build | House |
| 19:42 | Create | Villager (Male) |
| 20:23 | Create | Villager (Male) |
| 20:48 | Age | Castle Age |
| 20:57 | Build | Castle |
| 21:04 | Research | Bow Saw |
| 21:06 | Create | Villager (Male) |
| 21:37 | Build | Town Center |
| 21:41 | Build | Palisade Wall |
| 21:53 | Create | Villager (Male) |
| 22:03 | Create | Villager (Male) |
| 22:14 | Create | Mameluke |
| 22:15 | Create | Mameluke |
| 22:15 | Create | Mameluke |
| 22:18 | Build | Palisade Wall |
| 22:19 | Build | Palisade Wall |
| 22:23 | Build | Palisade Wall |
| 22:28 | Build | Palisade Wall |
| 22:29 | Build | Palisade Wall |
| 22:31 | Build | Palisade Wall |
| 22:44 | Create | Villager (Male) |
| 22:44 | Create | Mameluke |
| 22:45 | Create | Villager (Male) |
| 23:03 | Build | Lumber Camp |
| 23:06 | Build | Mill |
| 23:07 | Create | Mameluke |
Build order — 啥牌子的
First 150 of 217 actions detected
| 0:22 | Build | Town Center |
| 2:16 | Build | Dock |
| 2:18 | Build | House |
| 2:44 | Create | Villager (Male) |
| 2:44 | Create | Villager (Male) |
| 2:44 | Create | Villager (Male) |
| 2:45 | Create | Villager (Male) |
| 2:45 | Create | Villager (Male) |
| 2:45 | Create | Villager (Male) |
| 3:08 | Create | Fishing Ship |
| 3:09 | Create | Fishing Ship |
| 4:07 | Create | Fishing Ship |
| 4:32 | Research | Loom |
| 4:43 | Create | Villager (Male) |
| 4:44 | Create | Villager (Male) |
| 4:53 | Create | Fishing Ship |
| 5:13 | Create | Villager (Male) |
| 5:13 | Create | Villager (Male) |
| 5:34 | Build | House |
| 5:36 | Create | Villager (Male) |
| 6:14 | Research | Loom |
| 6:16 | Create | Villager (Male) |
| 6:16 | Create | Villager (Male) |
| 6:18 | Create | Fishing Ship |
| 6:29 | Build | House |
| 6:53 | Create | Villager (Male) |
| 7:12 | Create | Villager (Male) |
| 7:13 | Create | Villager (Male) |
| 7:21 | Build | House |
| 7:37 | Create | Villager (Male) |
| 7:37 | Create | Villager (Male) |
| 7:51 | Create | Villager (Male) |
| 7:51 | Create | Villager (Male) |
| 7:54 | Build | Lumber Camp |
| 8:24 | Create | Villager (Male) |
| 8:24 | Create | Villager (Male) |
| 8:35 | Create | Villager (Male) |
| 8:35 | Create | Villager (Male) |
| 8:45 | Build | Town Center |
| 9:29 | Create | Villager (Male) |
| 9:29 | Create | Villager (Male) |
| 9:29 | Create | Villager (Male) |
| 9:29 | Create | Villager (Male) |
| 9:29 | Create | Villager (Male) |
| 9:30 | Create | Villager (Male) |
| 9:38 | Create | Fishing Ship |
| 9:43 | Build | Palisade Wall |
| 9:47 | Build | House |
| 9:48 | Build | House |
| 10:23 | Create | Fishing Ship |
| 10:25 | Create | Villager (Male) |
| 10:25 | Create | Villager (Male) |
| 10:25 | Create | Villager (Male) |
| 10:56 | Create | Villager (Male) |
| 10:56 | Create | Villager (Male) |
| 11:23 | Build | Dock |
| 11:27 | Build | House |
| 11:47 | Create | Villager (Male) |
| 11:55 | Create | Villager (Male) |
| 11:55 | Create | Villager (Male) |
| 11:56 | Create | Villager (Male) |
| 12:10 | Create | Fishing Ship |
| 12:10 | Create | Fishing Ship |
| 12:11 | Create | Fishing Ship |
| 12:49 | Create | Villager (Male) |
| 12:49 | Create | Villager (Male) |
| 12:49 | Create | Villager (Male) |
| 12:50 | Create | Fishing Ship |
| 12:50 | Create | Fishing Ship |
| 12:51 | Create | Fishing Ship |
| 12:54 | Create | Villager (Male) |
| 12:54 | Create | Villager (Male) |
| 13:19 | Build | House |
| 13:20 | Build | House |
| 13:21 | Build | House |
| 13:24 | Create | Fishing Ship |
| 13:24 | Create | Fishing Ship |
| 13:28 | Create | Villager (Male) |
| 13:28 | Create | Villager (Male) |
| 13:39 | Create | Fishing Ship |
| 13:39 | Create | Fishing Ship |
| 13:39 | Create | Fishing Ship |
| 13:43 | Create | Villager (Male) |
| 13:43 | Create | Villager (Male) |
| 13:43 | Create | Villager (Male) |
| 13:56 | Create | Villager (Male) |
| 13:56 | Create | Villager (Male) |
| 13:57 | Create | Villager (Male) |
| 13:59 | Build | Lumber Camp |
| 14:13 | Create | Villager (Male) |
| 14:14 | Create | Villager (Male) |
| 14:47 | Build | House |
| 14:48 | Build | House |
| 14:54 | Create | Villager (Male) |
| 14:54 | Create | Villager (Male) |
| 14:54 | Create | Villager (Male) |
| 14:54 | Create | Villager (Male) |
| 15:56 | Build | Town Center |
| 16:31 | Build | Mill |
| 16:45 | Create | Villager (Male) |
| 16:45 | Create | Villager (Male) |
| 16:45 | Create | Villager (Male) |
| 16:45 | Create | Villager (Male) |
| 16:46 | Create | Villager (Male) |
| 16:46 | Create | Villager (Male) |
| 16:46 | Create | Villager (Male) |
| 17:24 | Build | Lumber Camp |
| 18:08 | Build | Lumber Camp |
| 18:44 | Build | Mill |
| 18:49 | Create | Villager (Male) |
| 19:14 | Build | Palisade Wall |
| 19:44 | Create | Villager (Male) |
| 19:45 | Create | Villager (Male) |
| 20:30 | Create | Villager (Male) |
| 20:40 | Build | Farm |
| 20:44 | Build | Farm |
| 20:45 | Create | Villager (Male) |
| 20:47 | Build | Farm |
| 20:52 | Create | Villager (Male) |
| 20:57 | Create | Villager (Male) |
| 21:15 | Build | House |
| 21:18 | Build | House |
| 21:20 | Build | House |
| 21:29 | Create | Villager (Male) |
| 21:34 | Build | Farm |
| 21:40 | Build | Mill |
| 21:42 | Build | Farm |
| 21:44 | Create | Villager (Male) |
| 21:44 | Create | Villager (Male) |
| 21:55 | Build | House |
| 21:59 | Build | House |
| 22:00 | Build | House |
| 22:02 | Build | House |
| 22:12 | Create | Villager (Male) |
| 22:12 | Create | Villager (Male) |
| 22:15 | Create | Villager (Male) |
| 22:15 | Create | Villager (Male) |
| 22:21 | Create | Villager (Male) |
| 22:36 | Create | Villager (Male) |
| 23:11 | Create | Fishing Ship |
| 23:11 | Create | Fishing Ship |
| 23:43 | Create | Fishing Ship |
| 23:43 | Create | Fishing Ship |
| 24:00 | Build | Mining Camp |
| 24:03 | Research | Feudal Age |
| 24:14 | Build | Lumber Camp |
| 24:23 | Build | Farm |
| 24:26 | Build | Farm |
| 25:09 | Build | Dock |
| 25:13 | Build | Dock |
Build order — Blaaaa
146 actions detected in the replay
| 0:12 | Build | Town Center |
| 1:29 | Build | Palisade Wall |
| 1:30 | Build | Palisade Wall |
| 2:07 | Build | Dock |
| 2:31 | Create | Villager (Male) |
| 2:32 | Create | Villager (Male) |
| 2:33 | Create | Villager (Male) |
| 2:51 | Build | House |
| 3:27 | Create | Villager (Male) |
| 3:27 | Create | Villager (Male) |
| 3:57 | Create | Fishing Ship |
| 3:57 | Create | Fishing Ship |
| 3:59 | Research | Loom |
| 4:00 | Research | Loom |
| 4:41 | Create | Villager (Male) |
| 4:42 | Create | Villager (Male) |
| 4:42 | Create | Villager (Male) |
| 5:03 | Create | Villager (Male) |
| 5:03 | Create | Villager (Male) |
| 5:17 | Create | Villager (Male) |
| 5:24 | Create | Villager (Male) |
| 5:24 | Create | Villager (Male) |
| 5:44 | Create | Fishing Ship |
| 5:44 | Create | Fishing Ship |
| 6:19 | Build | House |
| 6:21 | Create | Villager (Male) |
| 6:22 | Create | Villager (Male) |
| 6:22 | Create | Villager (Male) |
| 6:23 | Create | Villager (Male) |
| 6:43 | Create | Villager (Male) |
| 6:43 | Create | Villager (Male) |
| 6:44 | Create | Villager (Male) |
| 6:50 | Create | Fishing Ship |
| 6:50 | Create | Fishing Ship |
| 6:50 | Create | Fishing Ship |
| 7:10 | Create | Villager (Male) |
| 7:10 | Create | Villager (Male) |
| 7:11 | Create | Villager (Male) |
| 7:11 | Create | Villager (Male) |
| 7:27 | Create | Villager (Male) |
| 7:27 | Create | Villager (Male) |
| 7:28 | Create | Villager (Male) |
| 7:33 | Create | Fishing Ship |
| 7:34 | Create | Fishing Ship |
| 7:49 | Build | House |
| 8:27 | Create | Villager (Male) |
| 8:43 | Build | House |
| 8:45 | Create | Villager (Male) |
| 8:47 | Create | Villager (Male) |
| 8:47 | Create | Villager (Male) |
| 8:48 | Create | Villager (Male) |
| 8:48 | Create | Villager (Male) |
| 8:54 | Create | Fishing Ship |
| 9:11 | Build | Lumber Camp |
| 9:46 | Research | Feudal Age |
| 9:46 | Research | Feudal Age |
| 9:46 | Research | Feudal Age |
| 10:04 | Build | Mining Camp |
| 10:15 | Build | Palisade Wall |
| 10:22 | Build | Palisade Wall |
| 10:32 | Build | Palisade Wall |
| 10:47 | Build | Palisade Wall |
| 10:57 | Build | Palisade Wall |
| 11:04 | Build | Palisade Wall |
| 11:11 | Build | Palisade Wall |
| 11:25 | Build | Dock |
| 11:31 | Create | Villager (Male) |
| 11:56 | Age | Feudal Age |
| 11:57 | Create | Unit 2626 |
| 12:01 | Research | Double-Bit Axe |
| 12:01 | Research | Double-Bit Axe |
| 12:02 | Research | Double-Bit Axe |
| 12:03 | Create | Villager (Male) |
| 12:05 | Build | House |
| 12:22 | Create | Villager (Male) |
| 12:30 | Create | Unit 2626 |
| 12:31 | Create | Unit 2626 |
| 12:38 | Create | Villager (Male) |
| 12:58 | Build | Palisade Wall |
| 13:02 | Create | Fire Galley |
| 13:35 | Create | Villager (Male) |
| 14:04 | Create | Unit 2626 |
| 14:04 | Create | Unit 2626 |
| 14:09 | Create | Villager (Male) |
| 14:10 | Create | Villager (Male) |
| 14:12 | Build | Mill |
| 14:16 | Build | House |
| 15:02 | Create | Villager (Male) |
| 15:03 | Create | Villager (Male) |
| 15:05 | Create | Villager (Male) |
| 15:08 | Build | Market |
| 15:43 | Create | Villager (Male) |
| 15:57 | Build | Barracks |
| 16:18 | Create | Unit 2626 |
| 16:30 | Create | Villager (Male) |
| 16:57 | Build | Stable |
| 16:59 | Create | Villager (Male) |
| 16:59 | Create | Villager (Male) |
| 17:47 | Research | Castle Age |
| 17:48 | Research | Castle Age |
| 18:12 | Build | Blacksmith |
| 18:33 | Research | Horse Collar |
| 18:46 | Create | Unit 2626 |
| 18:47 | Create | Unit 2626 |
| 18:59 | Build | House |
| 19:00 | Build | House |
| 19:16 | Build | Farm |
| 19:20 | Build | Farm |
| 19:21 | Build | Farm |
| 19:29 | Build | House |
| 19:39 | Create | Demolition Raft |
| 19:39 | Create | Demolition Raft |
| 20:11 | Build | Farm |
| 20:13 | Build | Farm |
| 20:19 | Create | Unit 2626 |
| 20:20 | Create | Unit 2626 |
| 20:22 | Build | House |
| 20:37 | Age | Castle Age |
| 20:45 | Research | War Galley (upgrade) |
| 21:05 | Build | House |
| 21:14 | Create | Villager (Male) |
| 21:17 | Build | Town Center |
| 21:20 | Create | Steppe Lancer |
| 21:21 | Create | Steppe Lancer |
| 21:21 | Create | Steppe Lancer |
| 21:43 | Create | Unit 2626 |
| 21:44 | Create | Unit 2626 |
| 21:48 | Build | House |
| 21:48 | Build | House |
| 21:51 | Create | Villager (Male) |
| 21:56 | Create | Villager (Male) |
| 22:16 | Create | Steppe Lancer |
| 22:17 | Create | Steppe Lancer |
| 22:17 | Create | Steppe Lancer |
| 22:17 | Create | Steppe Lancer |
| 22:24 | Create | Villager (Male) |
| 22:50 | Create | Villager (Male) |
| 23:19 | Create | Villager (Male) |
| 23:23 | Create | Villager (Male) |
| 23:23 | Create | Villager (Male) |
| 23:23 | Create | Villager (Male) |
| 23:23 | Create | Villager (Male) |
| 23:24 | Create | Villager (Male) |
| 23:24 | Create | Villager (Male) |
| 23:25 | Build | Town Center |
| 23:32 | Create | Villager (Male) |
Build order — _LY_Pala
First 150 of 319 actions detected
| 0:27 | Build | Town Center |
| 0:45 | Build | Dock |
| 2:40 | Create | Villager (Male) |
| 2:41 | Create | Villager (Male) |
| 2:41 | Create | Villager (Male) |
| 2:41 | Create | Villager (Male) |
| 2:41 | Create | Villager (Male) |
| 3:28 | Create | Villager (Male) |
| 3:50 | Create | Fishing Ship |
| 4:26 | Build | House |
| 4:44 | Create | Villager (Male) |
| 4:44 | Create | Villager (Male) |
| 4:56 | Create | Villager (Male) |
| 4:56 | Create | Villager (Male) |
| 5:26 | Create | Villager (Male) |
| 5:49 | Create | Villager (Male) |
| 5:49 | Create | Villager (Male) |
| 5:50 | Create | Fishing Ship |
| 6:08 | Build | House |
| 6:14 | Build | House |
| 6:25 | Create | Villager (Male) |
| 6:26 | Create | Villager (Male) |
| 6:29 | Build | House |
| 6:34 | Create | Villager (Male) |
| 6:34 | Create | Villager (Male) |
| 6:39 | Create | Fishing Ship |
| 7:08 | Build | Palisade Wall |
| 7:08 | Create | Villager (Male) |
| 7:22 | Create | Fishing Ship |
| 7:22 | Create | Fishing Ship |
| 7:34 | Build | House |
| 7:34 | Create | Villager (Male) |
| 7:35 | Create | Villager (Male) |
| 7:35 | Create | Villager (Male) |
| 7:59 | Create | Fishing Ship |
| 7:59 | Create | Fishing Ship |
| 8:18 | Build | House |
| 8:20 | Create | Villager (Male) |
| 8:26 | Create | Villager (Male) |
| 8:27 | Create | Villager (Male) |
| 8:31 | Create | Fishing Ship |
| 8:31 | Create | Fishing Ship |
| 9:02 | Create | Villager (Male) |
| 9:06 | Build | Lumber Camp |
| 9:22 | Create | Fishing Ship |
| 9:22 | Create | Fishing Ship |
| 9:46 | Create | Villager (Male) |
| 10:02 | Build | Dock |
| 10:03 | Create | Villager (Male) |
| 10:08 | Build | House |
| 10:23 | Create | Fishing Ship |
| 10:24 | Create | Fishing Ship |
| 10:34 | Create | Villager (Male) |
| 10:37 | Create | Fishing Ship |
| 10:37 | Create | Fishing Ship |
| 10:46 | Create | Fishing Ship |
| 10:52 | Build | House |
| 10:54 | Create | Villager (Male) |
| 11:03 | Create | Fishing Ship |
| 11:19 | Build | Mill |
| 11:24 | Create | Villager (Male) |
| 11:30 | Create | Fishing Ship |
| 11:53 | Research | Feudal Age |
| 11:53 | Research | Feudal Age |
| 11:55 | Build | Mining Camp |
| 12:03 | Create | Fishing Ship |
| 12:32 | Build | Barracks |
| 12:43 | Build | House |
| 13:08 | Create | Fishing Ship |
| 14:04 | Age | Feudal Age |
| 14:05 | Build | Archery Range |
| 14:09 | Build | Blacksmith |
| 14:10 | Create | Villager (Male) |
| 14:10 | Create | Villager (Male) |
| 14:28 | Build | Dock |
| 14:44 | Build | Building 796 |
| 14:45 | Build | Palisade Wall |
| 14:54 | Research | Loom |
| 15:13 | Research | Castle Age |
| 15:37 | Build | House |
| 15:43 | Build | Archery Range |
| 15:49 | Research | Double-Bit Axe |
| 15:57 | Create | Fishing Ship |
| 16:14 | Research | Fletching |
| 16:23 | Create | Unit 2626 |
| 16:23 | Create | Unit 2626 |
| 16:36 | Create | Unit 2626 |
| 16:45 | Create | Unit 2626 |
| 16:50 | Build | House |
| 17:08 | Research | Gold Mining |
| 17:09 | Research | Horse Collar |
| 17:15 | Create | Unit 2626 |
| 17:30 | Create | Unit 2626 |
| 17:30 | Create | Unit 2626 |
| 18:05 | Age | Castle Age |
| 18:10 | Research | War Galley (upgrade) |
| 18:12 | Create | Cavalry Archer |
| 18:13 | Create | Villager (Male) |
| 18:14 | Create | Villager (Male) |
| 18:39 | Create | Villager (Male) |
| 18:40 | Create | Villager (Male) |
| 18:44 | Build | Town Center |
| 18:53 | Create | Unit 2626 |
| 18:54 | Build | House |
| 19:06 | Create | Villager (Male) |
| 19:15 | Create | Unit 2626 |
| 19:16 | Create | Unit 2626 |
| 19:18 | Research | Bodkin Arrow |
| 19:40 | Create | Villager (Male) |
| 19:42 | Create | Cavalry Archer |
| 20:07 | Create | Villager (Male) |
| 20:08 | Create | Cavalry Archer |
| 20:08 | Create | Cavalry Archer |
| 20:09 | Create | Cavalry Archer |
| 20:27 | Create | Cavalry Archer |
| 20:27 | Create | Cavalry Archer |
| 20:35 | Research | Bow Saw |
| 20:36 | Create | Villager (Male) |
| 20:44 | Build | Town Center |
| 20:48 | Create | Cavalry Archer |
| 20:48 | Create | Cavalry Archer |
| 21:01 | Create | Villager (Male) |
| 21:02 | Build | Farm |
| 21:03 | Build | Farm |
| 21:18 | Create | Villager (Male) |
| 21:19 | Create | Villager (Male) |
| 21:19 | Create | Villager (Male) |
| 21:22 | Build | Siege Workshop |
| 21:42 | Create | Cavalry Archer ×3 |
| 21:42 | Create | Cavalry Archer ×3 |
| 21:49 | Create | Villager (Male) |
| 21:50 | Create | Villager (Male) |
| 21:50 | Create | Villager (Male) |
| 21:51 | Build | Farm |
| 21:53 | Create | Villager (Male) |
| 21:53 | Create | Villager (Male) |
| 22:03 | Create | Villager (Male) |
| 22:03 | Create | Villager (Male) |
| 22:20 | Create | Battering Ram |
| 22:21 | Create | Battering Ram |
| 22:25 | Create | Villager (Male) |
| 22:25 | Create | Villager (Male) |
| 22:32 | Create | Cavalry Archer |
| 22:33 | Create | Cavalry Archer |
| 22:39 | Create | Villager (Male) |
| 22:55 | Create | Villager (Male) |
| 22:55 | Create | Villager (Male) |
| 22:55 | Create | Villager (Male) |
| 23:01 | Create | Battering Ram |
| 23:01 | Create | Battering Ram |
Match timeline
| 0:24 | MING · first_building Dock |
| 0:29 | Karabas · first_building Dock |
| 0:31 | VNS_TrieuTuLong · first_building Dock |
| 0:34 | MarginCall · first_building Dock |
| 0:45 | _LY_Pala · first_building Dock |
| 1:14 | 合川狗大高手 · first_building Dock |
| 1:16 | MarginCall · wall_segment Palisade Wall x1 |
| 1:29 | Blaaaa · wall_segment Palisade Wall x1 |
| 1:30 | Blaaaa · wall_segment Palisade Wall x1 |
| 2:07 | Blaaaa · first_building Dock |
| 2:16 | 啥牌子的 · first_building Dock |
| 4:44 | 合川狗大高手 · wall_segment Palisade Wall x1 |
| 7:08 | _LY_Pala · wall_segment Palisade Wall x1 |
| 7:45 | VNS_TrieuTuLong · wall_segment Palisade Wall x1 |
| 9:43 | 啥牌子的 · wall_segment Palisade Wall x1 |
| 9:51 | MING · wall_segment Palisade Wall x1 |
| 9:52 | MING · wall_segment Palisade Wall x1 |
| 9:53 | MING · wall_segment Palisade Wall x1 |
| 10:15 | Blaaaa · wall_segment Palisade Wall x1 |
| 10:22 | Blaaaa · wall_segment Palisade Wall x1 |
| 10:32 | Blaaaa · wall_segment Palisade Wall x1 |
| 10:47 | Blaaaa · wall_segment Palisade Wall x1 |
| 10:57 | 合川狗大高手 · first_building Barracks |
| 10:57 | Blaaaa · wall_segment Palisade Wall x1 |
| 11:04 | Blaaaa · wall_segment Palisade Wall x1 |
| 11:11 | Blaaaa · wall_segment Palisade Wall x1 |
| 11:37 | 合川狗大高手 · age_up feudal |
| 11:40 | 合川狗大高手 · first_building Stable |
| 11:50 | Karabas · age_up feudal |
| 11:56 | Blaaaa · age_up feudal |
| 12:02 | Karabas · first_building Barracks |
| 12:32 | _LY_Pala · first_building Barracks |
| 12:47 | VNS_TrieuTuLong · age_up feudal |
| 12:58 | Blaaaa · wall_segment Palisade Wall x1 |
| 13:10 | Karabas · first_building Archery Range |
| 13:22 | MarginCall · age_up feudal |
| 13:31 | MING · age_up feudal |
| 14:04 | _LY_Pala · age_up feudal |
| 14:05 | _LY_Pala · first_building Archery Range |
| 14:35 | Karabas · wall_segment Palisade Wall x1 |
| 14:38 | Karabas · wall_segment Palisade Wall x1 |
| 14:45 | _LY_Pala · wall_segment Palisade Wall x1 |
| 15:30 | Karabas · wall_segment Palisade Wall x2 |
| 15:31 | Karabas · wall_segment Palisade Wall x6 |
| 15:57 | Blaaaa · first_building Barracks |
| 16:42 | VNS_TrieuTuLong · age_up castle |
| 16:57 | Blaaaa · first_building Stable |
| 17:03 | MING · wall_segment Palisade Wall x1 |
| 17:03 | MING · wall_segment Palisade Wall x1 |
| 17:05 | MING · wall_segment Palisade Wall x1 |
| 17:17 | MarginCall · wall_segment Palisade Wall x1 |
| 17:17 | MarginCall · wall_segment Palisade Wall x1 |
| 17:18 | MarginCall · wall_segment Palisade Wall x1 |
| 17:25 | MarginCall · wall_segment Palisade Wall x1 |
| 17:26 | MarginCall · wall_segment Palisade Wall x1 |
| 17:27 | MarginCall · wall_segment Palisade Wall x1 |
| 17:27 | MarginCall · wall_segment Palisade Wall x1 |
| 17:28 | VNS_TrieuTuLong · first_building Monastery |
| 17:55 | MarginCall · first_market_sell 100 wood |
| 18:05 | _LY_Pala · age_up castle |
| 18:30 | MING · age_up castle |
| 19:14 | 啥牌子的 · wall_segment Palisade Wall x9 |
| 19:32 | 合川狗大高手 · wall_segment Palisade Wall x1 |
| 20:37 | 合川狗大高手 · wall_segment Palisade Wall x1 |
| 20:37 | Blaaaa · age_up castle |
| 20:48 | MarginCall · age_up castle |
| 20:55 | MarginCall · first_market_buy 100 stone |
| 20:57 | MarginCall · first_building Castle |
| 21:22 | _LY_Pala · first_building Siege Workshop |
| 21:25 | 合川狗大高手 · first_building Archery Range |
| 21:41 | MarginCall · wall_segment Palisade Wall x1 |
| 22:18 | MarginCall · wall_segment Palisade Wall x1 |
| 22:19 | MarginCall · wall_segment Palisade Wall x1 |
| 22:23 | MarginCall · wall_segment Palisade Wall x1 |
| 22:28 | MarginCall · wall_segment Palisade Wall x1 |
| 22:29 | MarginCall · wall_segment Palisade Wall x1 |
| 22:31 | MarginCall · wall_segment Palisade Wall x1 |
| 23:09 | 合川狗大高手 · age_up castle |
| 23:18 | Karabas · resign |
| 23:29 | MING · first_building Monastery |
| 23:36 | VNS_TrieuTuLong · first_building Barracks |
| 24:17 | VNS_TrieuTuLong · first_building Stable |
| 24:54 | _LY_Pala · first_building Stable |
| 25:09 | VNS_TrieuTuLong · first_building Castle |
| 25:22 | 合川狗大高手 · first_building Monastery |
| 26:06 | 啥牌子的 · age_up feudal |
| 27:15 | MING · age_up imperial |
| 27:47 | VNS_TrieuTuLong · wall_segment Stone Wall x1 |
| 28:03 | VNS_TrieuTuLong · wall_segment Stone Wall x2 |
| 28:09 | MING · first_market_buy 100 stone |
| 29:29 | VNS_TrieuTuLong · wall_segment Stone Wall x1 |
| 30:36 | MING · first_building Castle |
| 30:51 | 啥牌子的 · age_up castle |
| 31:10 | 啥牌子的 · first_market_buy 100 stone |
| 31:41 | MING · first_building Barracks |
| 31:45 | MING · first_building Siege Workshop |
| 32:13 | MING · first_building Archery Range |
| 32:16 | 啥牌子的 · first_market_sell 100 food |
[ AI ANALYSIS · 1 CREDIT ]
What really happened in this match?
Wolo.gg analyzes every decision: build order, eco, micro, common mistakes by bracket. Personalized analysis on WhatsApp or Discord in 30 seconds.
Civ guide
Dravidians
Perfil
Jugador #1966276